 Dungeon Sprint DCSS version 0.26-a0-1058-g8dc6ce00ff (webtiles) character file.

Game seed: 13836989497844920024

1290 Adamkad1 the Nimble (level 8, 68/68 HPs)
             Began as a Gnoll Gladiator on Dec 13, 2020.
             Quit the game in the Dungeon (Sprint V: "Ziggurat Sprint").
             The game lasted 00:01:34 (317 turns).

Adamkad1 the Nimble (Gnoll Gladiator)                Turns: 317, Time: 00:01:34

Health: 68/68      AC:  4    Str: 19    XL:     8   Next: 55%
Magic:  18/18      EV: 22    Int: 10    God:
Gold:   0          SH:  0    Dex: 29    Spells: 20/20 levels left

rFire    . . .     SeeInvis .   F - +7 Singing Sword {vorpal, sonic wave}
rCold    . . .     Faith    .   (no shield)
rNeg     . . .     Spirit   .   b - +0 leather armour
rPois    .         Reflect  .   G - +1 hat {Will+}
rElec    .         Harm     .   (no cloak)
rCorr    .         Rampage  .   (no gloves)
Will     +....     NoTele   +   (no boots)
Stlth    ++++......             (no amulet)
HPRegen  0.21/turn              z - +6 ring of dexterity
MPRegen  0.16/turn              A - +6 ring of dexterity

@: no status effects
A: distributed training, fangs 1, strong nose
a: no special abilities


You were in the Dungeon.
You visited 1 branch

Inventory:

Hand Weapons
 a - a +0 long sword
 F - the +7 Singing Sword (weapon) {vorpal, sonic wave}
   (You found it in the Dungeon)

   It inflicts extra damage upon your enemies.
Missiles
 d - 3 throwing nets (quivered)
Armour
 b - a +0 leather armour (worn)
 c - a +0 helmet
 n - the +18 shield of the Gong {rElec rN+ Will+ EV-5}
   (You found it in the Dungeon)

   It affects your evasion (-5).
   It insulates you from electricity.
   It protects you from negative energy.
   It affects your willpower, your defense against some magical effects.
 G - a +1 hat of willpower (worn)
Jewellery
 y - an uncursed ring of flight
 z - a +6 ring of dexterity (left hand)
 A - a +6 ring of dexterity (right hand)
 B - a +6 ring of intelligence
 C - a +6 ring of intelligence
 D - a +6 ring of strength
 E - a +6 ring of strength
Wands
 v - a wand of disintegration (7)
 w - a wand of iceblast (7)
 x - a wand of acid (7)
Scrolls
 j - 4 scrolls of blinking
 p - 4 scrolls of amnesia
 q - 7 scrolls of fog
 r - a scroll of holy word
 s - 5 scrolls of identify
 t - 5 scrolls of remove curse
 u - 2 scrolls of fear
Potions
 e - 10 potions of curing
 f - 10 potions of heal wounds
 g - 6 potions of haste
 h - 7 potions of magic
 i - 3 potions of berserk rage
 k - 2 potions of brilliance
 l - 2 potions of invisibility
 m - 4 potions of resistance
 o - 5 potions of might


   Skills:
 + Level 8.2 Fighting
 + Level 6.7 Short Blades
 + Level 9.4 Long Blades
 + Level 6.7 Axes
 + Level 6.7 Maces & Flails
 + Level 6.7 Polearms
 + Level 6.7 Staves
 + Level 6.7 Slings
 + Level 6.7 Bows
 + Level 6.7 Crossbows
 + Level 8.2 Throwing
 + Level 6.7 Armour
 + Level 9.4 Dodging
 + Level 6.7 Stealth
 + Level 6.7 Shields
 + Level 6.7 Unarmed Combat
 + Level 6.7 Spellcasting
 + Level 5.5 Conjurations
 + Level 5.5 Hexes
 + Level 5.5 Summonings
 + Level 5.5 Necromancy
 + Level 5.5 Translocations
 + Level 5.5 Transmutations
 + Level 5.5 Fire Magic
 + Level 5.5 Ice Magic
 + Level 5.5 Air Magic
 + Level 5.5 Earth Magic
 + Level 5.5 Poison Magic
 + Level 7.3 Invocations
 + Level 6.7 Evocations


You had 20 spell levels left.
You didn't know any spells.
Your spell library was empty.

Dungeon Overview and Level Annotations

Branches:
Dungeon (1/1)

Altars:
Ashenzari
Cheibriados
Dithmenos
Elyvilon
Fedhas
Gozag
Hepliaklqana
Kikubaaqudgha
Makhleb
Nemelex Xobeh
Okawaru
Qazlal
Ru
Sif Muna
Trog
Uskayaw
Vehumet
Wu Jian
Xom
Yredelemnul
Zin
The Shining One
Beogh
Jiyva
Lugonu

Annotations:
D 1 transporter


Innate Abilities, Weirdness & Mutations

Your experience applies equally to all skills.
You have very sharp teeth.
Your uncanny sense of smell can sniff out nearby items.


Message History

You slash the orc wizard!
You kill the orc wizard!
Things that are here:
a +2 vorpal morningstar; a +2 leather armour of fire resistance
Things that are here:
a +2 vampiric falchion; a +0 robe Unknown command.
Things that are here:
a +2 vorpal morningstar; a +2 leather armour of fire resistance Unknown command.
You see here a +1 flail of draining.
Unknown command.
Unknown command.
You start resting.
HP restored.
There is a transporter here.
You see here a +1 flail of draining.
Are you sure you want to abandon this character and quit the game? (Confirm with "yes".)
Okay, then.
Are you sure you want to abandon this character and quit the game? (Confirm with "yes".)

▓▓▓▓▓▓▓▓▓▓▓▓▓
▓.8©8.▓.8©8.▓
∆∆∆
▓.).).▓.....▓
∆
▓.....▓.|...▓
▓..@))▓..)).▓
▓.....▓.....▓
▓.....▓..©..▓
▓..©..▓▓▓▓▓▓▓
▓▓▓▓▓▓▓ ∆∆∆
∆∆∆ ∆ ∆ ∆


There were no monsters in sight!

Vanquished Creatures
  A red draconian (D)
  A draconian (D)
  An orc priest (D)
  An orc wizard (D)
  An orc (D)
5 creatures vanquished.

Notes
Turn   | Place    | Note
-------+----------+-------------------------------------------
     0 | D        | Adamkad1 the Gnoll Gladiator began the quest for the Orb.
     0 | D        | Reached XP level 1. HP: 20/20 MP: 1/1
     0 | D        | Found a shimmering blue altar of Sif Muna.
     0 | D        | Found a bloodstained altar of Trog.
     0 | D        | Found a sacrificial altar of Ru.
     0 | D        | Found a stormy altar of Qazlal.
     0 | D        | Found an iron altar of Okawaru.
     1 | D        | Found a sparkling altar of Nemelex Xobeh.
     1 | D        | Found a blossoming altar of Fedhas.
     2 | D        | Found the +6 Majin-Bo {vamp, MP+6 Int+6}
     2 | D        | Found the +9 heavy crossbow "Sniper" {vorpal, Acc+∞ SInv}
     2 | D        | Found the +10 dark maul {vorpal}
     2 | D        | Found the +15 Maxwell's patent armour {-Cast -Tele rElec
                  | Will+ rCorr}
     2 | D        | Found the +18 shield of the Gong {rElec rN+ Will+ EV-5}
     2 | D        | Found the cursed +14 obsidian axe {vorpal, +Fly SInv
                  | *Curse}
     2 | D        | Found the +7 great mace "Firestarter" {inner flame, rF++}
     2 | D        | Found the +6 shillelagh "Devastator" {shatter}
     2 | D        | Found the +11 plutonium sword {*Contam Stlth-}
     2 | D        | Found the +8 lance "Wyrmbane" {slay drac, rPois rF+ rC+
                  | AC+3}
     2 | D        | Found the +9 sword of Zonguldrok {reap}
     2 | D        | Found the cursed +13 scythe of Curses {drain, *Curse}
     2 | D        | Found the +0 sword of Power
     2 | D        | Found the +7 mace of Variability {chain chaos}
     2 | D        | Found the +7 Singing Sword {vorpal, sonic wave}
     2 | D        | Found the +8 storm bow {elec, penet}
     3 | D        | Found a transporter.
     3 | D        | Found an ancient bone altar of Kikubaaqudgha.
     3 | D        | Found a viscous altar of Jiyva.
     3 | D        | Found a corrupted altar of Lugonu.
     3 | D        | Found a hazy altar of Hepliaklqana.
     3 | D        | Found a burning altar of Makhleb.
     3 | D        | Found an opulent altar of Gozag.
    24 | D        | Reached skill level 5 in Fighting
    24 | D        | Reached skill level 5 in Throwing
    24 | D        | Reached skill level 1 in Conjurations
    24 | D        | Reached skill level 1 in Hexes
    24 | D        | Reached skill level 1 in Summonings
    24 | D        | Reached skill level 1 in Necromancy
    24 | D        | Reached skill level 1 in Translocations
    24 | D        | Reached skill level 1 in Transmutations
    24 | D        | Reached skill level 1 in Fire Magic
    24 | D        | Reached skill level 1 in Ice Magic
    24 | D        | Reached skill level 1 in Air Magic
    24 | D        | Reached skill level 1 in Earth Magic
    24 | D        | Reached skill level 1 in Poison Magic
    24 | D        | Reached XP level 2. HP: 27/27 MP: 1/5
    96 | D        | Entered arena 2.
    96 | D        | Noticed a draconian
    96 | D        | Noticed a red draconian
    96 | D        | Found a transporter.
   102 | D        | Killed a draconian
   102 | D        | Killed a red draconian
   103 | D        | Reached skill level 5 in Conjurations
   103 | D        | Reached skill level 5 in Hexes
   103 | D        | Reached skill level 5 in Summonings
   103 | D        | Reached skill level 5 in Necromancy
   103 | D        | Reached skill level 5 in Translocations
   103 | D        | Reached skill level 5 in Transmutations
   103 | D        | Reached skill level 5 in Fire Magic
   103 | D        | Reached skill level 5 in Ice Magic
   103 | D        | Reached skill level 5 in Air Magic
   103 | D        | Reached skill level 5 in Earth Magic
   103 | D        | Reached skill level 5 in Poison Magic
   103 | D        | Reached XP level 3. HP: 18/37 MP: 6/11
   103 | D        | Reached XP level 4. HP: 22/44 MP: 6/12
   103 | D        | Reached XP level 5. HP: 24/49 MP: 7/14
   103 | D        | Reached XP level 6. HP: 28/56 MP: 7/15
   103 | D        | Reached XP level 7. HP: 31/62 MP: 7/16
   103 | D        | Reached XP level 8. HP: 34/68 MP: 7/17
   266 | D        | Entered arena 3.
   266 | D        | Found a transporter.
   317 | D        | Quit the game

Illustrated notes

Levels and vault maps discovered:
D:        sprint_v [room_start, room_1, room_2, room_3, room_4, room_5, room_6,
          room_7, room_8, room_9, room_10, room_11, room_12, room_13, room_14,
          room_15, room_16, room_17, room_18, room_19, room_20, room_21,
          room_22, room_23, room_24, room_25, room_26, room_27]

Skill      XL: |  1  2 |
---------------+-------+-----
Fighting       | 5 8 |  8.2
Short Blades   | 2 6 |  6.7
Long Blades    | 7 9 |  9.4
Axes           | 2 6 |  6.7
Maces & Flails | 2 6 |  6.7
Polearms       | 2 6 |  6.7
Staves         | 2 6 |  6.7
Slings         | 2 6 |  6.7
Bows           | 2 6 |  6.7
Crossbows      | 2 6 |  6.7
Throwing       | 5 8 |  8.2
Armour         | 2 6 |  6.7
Dodging        | 7 9 |  9.4
Stealth        | 2 6 |  6.7
Shields        | 2 6 |  6.7
Unarmed Combat | 2 6 |  6.7
Spellcasting   | 2 6 |  6.7
Conjurations   | 1 5 |  5.5
Hexes          | 1 5 |  5.5
Summonings     | 1 5 |  5.5
Necromancy     | 1 5 |  5.5
Translocations | 1 5 |  5.5
Transmutations | 1 5 |  5.5
Fire Magic     | 1 5 |  5.5
Ice Magic      | 1 5 |  5.5
Air Magic      | 1 5 |  5.5
Earth Magic    | 1 5 |  5.5
Poison Magic   | 1 5 |  5.5
Invocations    | 2 7 |  7.3
Evocations     | 2 6 |  6.7

Action                   |  1- 3 |  4- 6 |  7- 9 || total
-------------------------+-------+-------+-------++-------
Melee: Double sword      |     5 |       |     3 ||     8
       Bite              |     1 |       |       ||     1
  Use: Potion            |     1 |       |       ||     1
Armor: Leather armour    |     1 |       |       ||     1
Dodge: Dodged            |     2 |       |     1 ||     3

Table legend: (Time is in decaauts)
 A = Elapsed time spent in this place.
 B = Non-inter-level travel time spent in this place.
 C = Inter-level travel time spent in this place.
 D = Time resting spent in this place.
 E = Time spent auto-exploring this place.
 F = Levels seen in this place.
 G = Mean time per level.
                   A        B        C        D        E       F      G
               +--------+--------+--------+--------+--------+-----+--------+
         Total |    316 |    316 |      0 |    225 |      0 |   1 |  316.0 |
       Dungeon |    316 |    316 |      0 |    225 |      0 |   1 |  316.0 |
               +--------+--------+--------+--------+--------+-----+--------+

Top non-repeatable levels by time:
       D: 316 daAuts
